 Dungeon Crawl Stone Soup version 0.19-a0 (webtiles) character file.

28 ololoev the Chopper (level 3, -1/49 HPs)
             Began as a Minotaur Berserker on Apr 27, 2016.
             Was a Believer of Trog.
             Slain by a gnoll
             ... wielding a +0 halberd
              (11 damage)
             ... on level 2 of the Dungeon.
             The game lasted 00:01:05 (978 turns).

ololoev the Chopper (Minotaur Berserker)             Turns: 978, Time: 00:01:05

Health: -1/49      AC:  2    Str: 27    XL:     3   Next: 0%
Magic:  2/2        EV: 12    Int:  4    God:    Trog [**....]
Gold:   51         SH:  0    Dex:  9    Spells: 0 memorised, 2 levels left

rFire  . . .     SeeInvis .     a - +0 hand axe
rCold  . . .     Gourm    .     b - +0 animal skin
rNeg   . . .     Faith    .     (no shield)
rPois  .         Spirit   .     (helmet restricted)
rElec  .         Dismiss  .     (no cloak)
rCorr  .         Reflect  .     (no gloves)
SustAt .         Harm     .     (no boots)
MR     .....                    (no amulet)
Stlth  ..........               (no ring)
                                (no ring)

@: berserking, very quick, not resistant to hostile enchantments, extremely
unstealthy
A: retaliatory headbutt, horns 2
a: Berserk, Trog's Hand, Burn Spellbooks, Renounce Religion


Innate Abilities, Weirdness & Mutations

You reflexively headbutt those who attack you in melee.
You have a pair of horns on your head.

Inventory:

Hand Weapons
 a - a +0 hand axe (weapon)
Armour
 b - a +0 animal skin (worn)
Scrolls
 d - 2 scrolls of remove curse {unknown}
 f - 3 scrolls of identify {unknown}
 g - a scroll of magic mapping {unknown}
 h - a scroll of fog {unknown}
Potions
 e - 2 potions of curing {unknown}
 i - 2 potions of haste {unknown}
Comestibles
 c - 2 bread rations


   Skills:
 + Level 3.7 Fighting
 * Level 4.0 Axes
 * Level 1.5 Throwing
 + Level 2.7 Armour
 + Level 2.5 Dodging


You had 2 spell levels left.
You didn't know any spells.


You were on level 2 of the Dungeon.
You worshipped Trog.
Trog was pleased with you.
You were not hungry.

You visited 1 branch of the dungeon, and saw 2 of its levels.

You collected 51 gold pieces.

...........#...#.......
...........#...#.......
............)...........
....#.####.#............
....#............... ...
....######.#....#.##....
........................
...........g.#.....
........#..g@gg.....
........#..$........
........##..........
........ #..........
....... ####....... ....
....... ....... .......

Notes
Turn   | Place    | Note
--------------------------------------------------------------
     0 | D:1      | ololoev the Minotaur Berserker began the quest for the Orb.
     0 | D:1      | Reached XP level 1. HP: 19/19 MP: 0/0
   256 | D:1      | Reached XP level 2. HP: 14/27 MP: 1/1
   472 | D:1      | Reached skill level 1 in Throwing
   950 | D:2      | Reached ** piety under Trog
   950 | D:2      | Reached skill level 4 in Axes
   950 | D:2      | Reached XP level 3. HP: 27/33 MP: 2/2
   978 | D:2      | Slain by a gnoll

Dungeon Overview and Level Annotations

Branches:
Dungeon (2/15)

Altars:


Message History

Done exploring.
Done exploring.
(D) Dungeon
Where to? (? - help)
There is a stone staircase leading down here.
You climb downwards.
A goblin comes into view.
There is a stone staircase leading up here.
A goblin is nearby!
A goblin is nearby!
A goblin is nearby!
Found a fuming pink potion.
The goblin shouts!
The goblin hits you.
You hit the goblin.
You kill the goblin!
Trog accepts your kill.
No target in view!
No target in view!
No target in view!
No target in view!
No target in view!
No target in view!
No target in view!
No target in view!
No target in view!
No target in view!
No target in view!
No target in view!
No target in view!
No target in view!
Found a hunting sling.
An ooze comes into view.
The ooze moves out of view.
The ooze quivers.
The ooze is too close now for your liking.
You see here a fuming pink potion.
An ooze is nearby!
An ooze is nearby!
An ooze is nearby!
i - 2 fuming pink potions (gained 1)
You hit the ooze.
The ooze is heavily wounded.
The ooze hits you.
You hit the ooze. You headbutt the ooze.
You kill the ooze!
Trog accepts your kill.
You can now call upon Trog for regeneration and protection from hostile enchantments.
Your Axes skill increases to level 4!
You have reached level 3!
Your experience leads to an increase in your attributes!
Increase (S)trength, (I)ntelligence, or (D)exterity?
You feel stronger.
Found a helmet.
Found a club.
Found a dagger.
You see here a helmet.
c - 2 bread rations (gained 1)
A gnoll comes into view.
A gnoll is nearby!
A gnoll comes into view. It is wielding a spear.
The gnoll shouts! x2
A gnoll comes into view. It is wielding a spear.
A gnoll comes into view. It is wielding a halberd.
The gnoll shouts! x2
The gnoll closely misses you. The gnoll barely misses you.
The gnoll hits you with a spear! The gnoll hits you with a spear.
The gnoll hits you from afar with a halberd.
The gnoll hits you.
Use which ability? (? or * to list)
A red film seems to cover your vision as you go berserk!
You feel yourself moving faster!
You feel mighty!
You feel somewhat more hungry. The gnoll hits you with a spear. x2
The gnoll closely misses you.
You slash the gnoll! Your headbutt misses the gnoll.
The gnoll is almost dead.
You barely miss the gnoll. You slash the gnoll!
The gnoll is severely wounded.
The gnoll hits you from afar with a halberd!
You die...

You could see 4 gnolls.

Vanquished Creatures
  An ooze (D:2)
  3 giant geckos (D:1)
  3 bats (D:1)
  2 giant cockroaches (D:1)
  6 goblins
  2 hobgoblins (D:1)
  2 giant newts (D:1)
  A kobold (D:1)
  A rat (D:1)
21 creatures vanquished.

Action                   || total
-------------------------++-------
Melee: Hand axe          ||    44
       Headbutt          ||     5
Invok: Berserk           ||     1
 Stab: Sleeping          ||     1
Armor: Animal skin       ||     7
Dodge: Dodged            ||    26

Vault maps used:
D:1:      nicolae_arrival_washed_ashore
